AoeStats
← ska_18

Black Forest

504734822Analyzed
3v3 RM · 26d ago on Sep 6, 2026· 53m 44s· 6 players
Game mode
Random Map
Map size
Normal (6 player)
Population
200
Speed
Normal
Resources
Standard
Victory
Conquest
Starting age
Dark Age
Ending age
Imperial Age
RankedLock teamsTeams togetherTeam positionsShared explorationLock speedFull tech treeHidden civsTurbo modeCheats
Victory
Defeat
🇦🇹 Saracens · Austria
1018
+10
🇬🇧 Franks · United Kingdom
865
+36
🇬🇧 Celts · United Kingdom
864
+16
🇵🇭 Gurjaras · Philippines
920
-16
🇩🇰 Persians · Denmark
879
-14
🇰🇷 Goths · South Korea
852
-13
Nagazuki
13:35 Feudal Age
17:45 Double-Bit Axe
21:38 Castle Age
20:30 Bloodlines
21:27 Forging
21:27 Scale Barding Armor
22:39 Husbandry
23:48 Stone Mining
23:52 Gold Mining
32:30 Imperial Age
31:10 Wheelbarrow
30:48 Bow Saw
30:23 Horse Collar
31:53 Iron Casting
31:17 Fletching
33:12 Kshatriyas
34:14 Heavy Camel Rider
35:54 Chain Barding Armor
36:00 Bodkin Arrow
36:06 Padded Archer Armor
38:28 Bracer
39:47 Leather Archer Armor
40:07 Plate Barding Armor
40:07 Thumb Ring
40:31 Ballistics
41:09 Hand Cart
42:15 Caravan
42:09 Elite Elephant Archer
43:31 Conscription
44:50 Chemistry
rananculus
0:28 Loom
15:23 Feudal Age
19:39 Double-Bit Axe
21:13 Man-at-Arms
21:56 Scale Mail Armor
22:07 Forging
27:04 Castle Age
24:51 Horse Collar
25:09 Stone Mining
25:16 Gold Mining
27:49 Long Swordsman
28:31 Squires
30:00 Stone Shaft Mining
29:42 Bow Saw
31:19 Wheelbarrow
30:30 Town Watch
30:38 Pikeman
33:10 Caravan
34:47 Heavy Plow
38:58 Imperial Age
39:10 Ballistics
40:10 Crop Rotation
40:28 Hand Cart
40:13 Town Patrol
40:38 Conscription
42:03 Chemistry
41:06 Two-Handed Swordsman
41:31 Halberdier
44:26 Iron Casting
44:06 Chain Mail Armor
43:55 Perfusion
43:55 Anarchy
44:26 Champion
46:09 Blast Furnace
46:11 Masonry
45:57 Murder Holes
48:16 Onager
49:49 Architecture
VinoToro
0:28 Loom
13:35 Feudal Age
19:10 Castle Age
21:17 Fletching
26:19 Horse Collar
26:26 Double-Bit Axe
30:27 Wheelbarrow
31:09 Ballistics
30:42 Town Watch
31:22 Kamandaran
33:08 Bodkin Arrow
33:14 Padded Archer Armor
32:48 Crossbowman
34:19 Caravan
36:09 Bow Saw
36:21 Hand Cart
38:54 Imperial Age
37:31 Heavy Plow
37:30 Gold Mining
38:54 Leather Archer Armor
39:18 Hand Cart
39:40 Thumb Ring
40:55 Chemistry
40:58 Ring Archer Armor
41:20 Cavalier
42:01 Husbandry
42:20 Forging
42:16 Scale Barding Armor
44:52 Crop Rotation
46:54 Iron Casting
46:40 Chain Barding Armor
45:45 Light Cavalry
46:36 Bloodlines
John SphX1222
12:46 Feudal Age
18:05 Castle Age
16:24 Stone Mining
16:56 Gold Mining
17:28 Double-Bit Axe
22:06 Wheelbarrow
28:50 Imperial Age
26:52 Hand Cart
26:06 Man-at-Arms
27:58 Scale Mail Armor
28:46 Squires
28:33 Gambesons
28:12 Long Swordsman
29:50 Forging
29:57 Chain Mail Armor
29:50 Scale Barding Armor
30:51 #83
32:26 Bow Saw
32:10 Two-Handed Swordsman
33:17 Husbandry
33:24 Cavalier
35:59 Elite Throwing Axeman
39:29 Chain Barding Armor
39:44 Iron Casting
41:04 Paladin
42:56 Champion
49:17 Plate Barding Armor
49:43 Blast Furnace
49:14 Plate Mail Armor
50:41 Arson
Crynu2712
1:40 Loom
13:25 Feudal Age
14:03 Man-at-Arms
14:38 Double-Bit Axe
15:53 Horse Collar
25:52 Castle Age
25:26 Scale Mail Armor
25:33 Scale Barding Armor
25:25 Stone Mining
25:26 Gold Mining
27:07 Light Cavalry
28:27 Long Swordsman
28:53 Gambesons
30:37 Wheelbarrow
33:08 Heavy Plow
33:20 Bow Saw
34:22 Hand Cart
38:44 Imperial Age
36:44 Town Watch
36:54 Stronghold
37:27 Chain Mail Armor
37:33 Chain Barding Armor
37:14 Padded Archer Armor
37:04 Fletching
38:27 Town Patrol
39:47 Ballistics
39:08 Treadmill Crane
40:23 Furor Celtica
40:06 Heavy Scorpion
40:56 Siege Engineers
41:08 Masonry
41:35 Leather Archer Armor
41:16 Bodkin Arrow
42:43 Gold Shaft Mining
ska_18
1:08 Loom
13:15 Feudal Age
19:02 Castle Age
17:15 Double-Bit Axe
17:37 Horse Collar
21:49 Wheelbarrow
21:40 Bow Saw
25:37 Gold Mining
25:37 Stone Mining
26:39 Town Watch
27:08 Heavy Plow
29:24 Gold Shaft Mining
29:01 Forging
28:57 Scale Barding Armor
30:14 Caravan
30:06 Fletching
31:15 Fervor
31:26 Sanctity
31:37 Hand Cart
36:29 Imperial Age
34:57 Iron Casting
35:08 Coinage
35:36 Fortified Wall
35:41 Masonry
35:28 Murder Holes
36:16 Chain Barding Armor
35:51 Bodkin Arrow
36:55 Treadmill Crane
37:29 Husbandry
36:49 Light Cavalry
37:41 Bloodlines
39:20 Chemistry
38:45 Conscription
38:31 Elite Mameluke
40:23 Two-Man Saw
40:06 Town Patrol
40:42 Banking
41:17 Plate Barding Armor
42:24 Blast Furnace
43:01 Hoardings
42:36 Bimaristan
42:42 Bimaristan
43:23 Bracer
43:31 Siege Engineers
44:49 Hussar
45:54 Herbal Medicine
49:53 Ballistics
52:31 Heavy Camel Rider
53:13 Scale Mail Armor
52:34 Pikeman
53:00 Gambesons
53:15 Squires
53:01 Arson
Connection lost

Rejoining the realm…

Still unreachable

The connection could not be restored.

Session expired

The server has moved on; the page needs a fresh start.